AoeStats
← Captain

Golden Pit

510274389Analyzed
1v1 RM · 1d ago on Sep 30, 2026· 60m 39s· 2 players
Game mode
Random Map
Map size
Tiny (2 player)
Population
200
Speed
Normal
Resources
Standard
Victory
Conquest
Starting age
Dark Age
Ending age
Imperial Age
RankedLock teamsTeams togetherTeam positionsShared explorationLock speedFull tech treeHidden civsTurbo modeCheats
Victory
Defeat
🇦🇷 Koreans · Argentina
981
+17
🇫🇷 Teutons · France
1002
-17
Tahiel
4:56 Loom
11:18 Feudal Age
11:19 Man-at-Arms
13:37 Wheelbarrow
16:15 Town Watch
23:38 Castle Age
22:14 Fletching
22:26 Double-Bit Axe
24:21 Crossbowman
29:56 Bow Saw
29:48 Bodkin Arrow
32:24 Hand Cart
34:58 Light Cavalry
38:43 Thumb Ring
43:00 Town Patrol
42:44 Horse Collar
42:54 Gold Mining
45:01 Stone Mining
45:48 Gold Shaft Mining
47:48 Heavy Plow
50:26 Forging
51:47 Husbandry
54:37 Ballistics
57:05 Imperial Age
55:48 Scale Barding Armor
58:22 Arbalester
Captain
3:17 Loom
11:15 Feudal Age
18:47 Horse Collar
18:57 Double-Bit Axe
24:12 Castle Age
22:47 Stone Mining
22:59 Fletching
34:52 Wheelbarrow
40:51 Scale Barding Armor
55:48 Bodkin Arrow
Connection lost

Rejoining the realm…

Still unreachable

The connection could not be restored.

Session expired

The server has moved on; the page needs a fresh start.